 Dungeon Crawl Stone Soup version 0.22-a0-412-g2b68d14 (webtiles) character file.

28 Kairos the Shield-Bearer (level 3, 64/64 HPs)
             Began as a Human Fighter on May 12, 2018.
             Quit the game on level 1 of the Dungeon.
             The game lasted 00:03:35 (1023 turns).

Kairos the Shield-Bearer (Human Fighter)            Turns: 1023, Time: 00:03:36

Health: 64/64      AC: 21    Str: 22    XL:     3   Next: 27%
Magic:  3/3        EV:  2    Int:  8    God:
Gold:   70         SH:  9    Dex: 12    Spells: 2/2 levels left

rFire    . . .     SeeInvis .   a - +0 war axe
rCold    . . .     Gourm    .   c - +0 shield
rNeg     + + +     Faith    .   (armour currently unavailable)
rPois    +         Spirit   .   (helmet currently unavailable)
rElec    .         Reflect  .   (cloak currently unavailable)
rCorr    .         Harm     .   (gloves currently unavailable)
MR       .....     NoTele   +   (boots currently unavailable)
Stlth    ..........             (no amulet)
HPRegen  0.20/turn              (no ring)
MPRegen  0.08/turn              (no ring)

@: berserking, tree-form, hasted, very quick
A: no striking features
a: no special abilities


You were on level 1 of the Dungeon.
You were not hungry.
You were a tree.
You visited 1 branch of the dungeon, and saw 1 of its levels.

You collected 70 gold pieces.

Inventory:

Hand Weapons
 a - a +0 war axe (weapon)
Armour
 b - a +0 scale mail (melded)
 c - a +0 shield (worn)
 n - a +0 pair of gloves (melded)
Scrolls
 e - 2 scrolls of enchant armour {unknown}
 h - 2 scrolls of blinking {unknown}
 j - a scroll of teleportation {unknown}
 o - a scroll of enchant weapon {unknown}
Potions
 d - a potion of might
 g - a potion of haste
 l - a potion of flight
Comestibles
 f - a ration


   Skills:
 + Level 3.2 Fighting
 + Level 2.4 Axes
 + Level 3.3 Armour
 + Level 3.3 Shields


You had 2 spell levels left.
You didn't know any spells.
Your spell library was empty.

Dungeon Overview and Level Annotations

Branches:
Dungeon (1/15)

Altars:


Message History

Okay, then.
Unknown command.
It was a potion of haste.
You feel yourself speed up.
It was a potion of lignification.
You turn into a tree.
Your +0 pair of gloves melds into your body.
Your +0 scale mail melds into your body.
Your roots penetrate the ground.
It was a potion of flight.
Your roots keep you in place.
It was a potion of curing.
You feel better.
It was a potion of berserk rage.
A red film seems to cover your vision as you go berserk!
You feel yourself moving faster!
You feel mighty!
Autopickup is now off.
Autopickup is now on.
Autopickup is now off.
Autopickup is now on.
Autopickup is now off.
Autopickup is now on.
Autopickup is now off.
Are you sure you want to abandon this character and quit the game? (Confirm with "yes".)

#
#..............#######...######
###.......#.#...## #.......# #
....#####.#.##### ##.....#.# #
.......##.#.# #........# #
....##.##.#.# #........#
#.#.........# #####........#
#.########### #..........#.##
..# ###.).........#>## ###
#.♣..........###.##
#.#.....##.#..#....
#.#.....##.#.#.####
##.#####.##...### #
#........###..# #
#..####).###..# #
#..####.......### #
######....##.#.......# #
#..#.#.......#.......# #


There were no monsters in sight!

Vanquished Creatures
  2 oozes (D:1)
  A leopard gecko (D:1)
  2 bats (D:1)
  2 hobgoblins (D:1)
  4 jackals (D:1)
  A frilled lizard (D:1)
  A goblin (D:1)
  A kobold (D:1)
  5 rats (D:1)
19 creatures vanquished.

Notes
Turn   | Place    | Note
-------+----------+-------------------------------------------
     0 | D:1      | Kairos the Human Fighter began the quest for the Orb.
     0 | D:1      | Reached XP level 1. HP: 18/18 MP: 1/1
   110 | D:1      | Reached XP level 2. HP: 24/24 MP: 2/2
   597 | D:1      | Reached XP level 3. HP: 29/29 MP: 3/3
  1023 | D:1      | Quit the game

Vault maps used:
D:1:      co_arrival_random_square_maze, minmay_tiny_reverse_x

Action                   || total
-------------------------++-------
Melee: War axe           ||    74
  Use: Potion            ||     5
Armor: Scale mail        ||    37
Dodge: Dodged            ||    24
Block: Shield            ||    41

Table legend:
 A = Spawn XP
 B = Non-spawn XP
 C = Spawn XP percentage of total XP
 D = Spawn monster count
 E = Non-spawn monster count
 F = Spawn count percentage of total count
 G = Total turns spent on level
                    A         B        C        D         E        F      G
               +---------+---------+-------+---------+---------+-------+---------
         Total |       0 |      40 |   0.0 |       0 |      19 |   0.0 |  1023
               +---------+---------+-------+---------+---------+-------+---------
           D:1 |       0 |      40 |   0.0 |       0 |      19 |   0.0 |  1023
               +---------+---------+-------+---------+---------+-------+---------
